 Dungeon Crawl Stone Soup version 0.31.0-12-g77e489cdc1 (webtiles) character file.

Game seed: 669487239544183554

2468 nightchill the Cleaver (level 9, -28/84 HPs)
             Began as a Hill Orc Fighter on Feb 17, 2024.
             Was a Believer of Zin.
             Annihilated by a two-headed ogre
             ... wielding a +0 giant spiked club
              (29 damage)
             ... on level 8 of the Dungeon.
             The game lasted 00:13:32 (7244 turns).

nightchill the Cleaver (Hill Orc Fighter)           Turns: 7244, Time: 00:13:33

Health: -28/84     AC: 10    Str: 30    XL:     9   Next: 51%
Magic:  18/18      EV:  9    Int: 12    God:    Zin [**....]
Gold:   486        SH:  4    Dex: 11    Spells: 8/8 levels left

rFire   . . .        a - +0 war axe
rCold   . . .        c - +0 buckler
rNeg    . . .        b - +0 scale mail
rPois   ∞            u - +1 helmet {Int+3}
rElec   .            (no cloak)
rCorr   .            (no gloves)
SInv    .            i - +0 pair of boots
Will    .....        v - amulet of the Curupira {RegenMP Str+6} Stlth
                     I - ring of magical power
HPRegen 0.34/turn    (no ring)
MPRegen 0.56/turn

%: no passive effects
@: vitalised
A: no striking features
a: Renounce Religion, Recite, Vitalisation, Donate Gold


You were on level 8 of the Dungeon.
You worshipped Zin.
Zin was pleased with you.
You visited 2 branches of the dungeon, and saw 9 of its levels.
You also visited: Sewer and Ossuary.

You collected 540 gold pieces.
You donated 54 gold pieces to Zin.

Inventory:

Hand Weapons
 a - a +0 war axe (weapon)
 o - a +2 dagger of holy wrath
 L - a +0 dagger of electrocution
Missiles
 d - 6 javelins
 g - 9 boomerangs (quivered)
 x - 2 curare-tipped darts
 z - 14 poisoned darts
Armour
 b - a +0 scale mail (worn)
 c - a +0 buckler (worn)
 e - an orb of energy
 i - a +0 pair of boots (worn)
 u - a +1 helmet of intelligence (worn)
Jewellery
 h - an amulet of faith
 v - the amulet of the Curupira (around neck) {RegenMP Str+6}
   (You found it on level 3 of the Dungeon)

   [amulet of magic regeneration]

   RegenMP:   It increases your rate of magic regeneration.
   Str+6:     It affects your strength (+6).
 I - a ring of magical power (left hand)
 N - a ring of fire
Wands
 p - a wand of flame (45)
 y - a wand of polymorph (10)
 B - a wand of paralysis (9)
Scrolls
 f - a scroll of amnesia {unknown}
 j - a scroll of fog {unknown}
 m - 3 scrolls of summoning {unknown}
 r - a scroll of enchant armour {unknown}
 w - 9 scrolls of teleportation
 A - a scroll of vulnerability {unknown}
 E - 2 scrolls of fear {unknown}
 K - 3 scrolls of poison {unknown}
 P - a scroll of enchant weapon {unknown}
Potions
 k - 8 potions of curing
 l - 5 potions of haste
 n - 4 potions of lignification
 q - a potion of berserk rage
 s - a potion of enlightenment
 t - 2 potions of heal wounds
 C - a potion of ambrosia
 D - 2 potions of brilliance
 F - a potion of invisibility
 G - 2 potions of magic
 H - a potion of resistance
 J - a potion of degeneration
 M - 2 potions of mutation
 O - a potion of cancellation


   Skills:
 + Level 9.5 Fighting
 * Level 13.4 Axes
 - Level 3.2 Armour
 - Level 3.2 Shields


You had 8 spell levels left.
You didn't know any spells.
Your spell library contained the following spells:

 Spells                   Type           Power      Damage    Failure   Level
 Apportation              Tloc           0%         N/A       63%         1
 Necrotise                Necr           0%         1d4       63%         1
 Sting                    Conj/Alch      0%         1d3       63%         1
 Summon Small Mammal      Summ           0%         N/A       63%         1


Dungeon Overview and Level Annotations

Branches:
Dungeon (8/15)             Temple (1/1) D:4           Sewer (visited)
Ossuary (visited)
   Lair: D:8-11

Altars:
Ashenzari
Cheibriados
Dithmenos
Elyvilon
Fedhas
Makhleb
Nemelex Xobeh
Okawaru
Qazlal
Sif Muna
Trog
Uskayaw
Vehumet
Wu Jian
Yredelemnul
Zin
The Shining One


Message History

There is a stone staircase leading down here.
You climb downwards.
Found a scroll labelled ZIUTEGUA QIEDU.
There is a stone staircase leading up here.
Found a stone staircase leading down.
K - 3 scrolls labelled ZIUTEGUA QIEDU (gained 1)
A two-headed ogre comes into view.
It is wielding a +0 giant spiked club and a +0 giant club.
The two-headed ogre shouts in stereo!
Zin grants you divine stamina.
The two-headed ogre hits you with a +0 giant spiked club!
The two-headed ogre hits you with a +0 giant club.
You barely miss the two-headed ogre. You slash the two-headed ogre!
The two-headed ogre is moderately wounded.
The two-headed ogre hits you with a +0 giant spiked club!!
The two-headed ogre hits you with a +0 giant club!
* * * LOW HITPOINT WARNING * * *
You hit the two-headed ogre.
The two-headed ogre is moderately wounded.
You slash the two-headed ogre!
The two-headed ogre is heavily wounded.
The two-headed ogre closely misses you.
The two-headed ogre hits you with a +0 giant club!
* * * LOW HITPOINT WARNING * * *
You slash the two-headed ogre!
The two-headed ogre is severely wounded.
You hit the two-headed ogre but do no damage.
The two-headed ogre is severely wounded.
You block the two-headed ogre's attack. The two-headed ogre closely misses you.
You hit the two-headed ogre.
The two-headed ogre is severely wounded.
You barely miss the two-headed ogre.
The two-headed ogre is severely wounded.
The two-headed ogre hits you with a +0 giant spiked club!!
* * * LOW HITPOINT WARNING * * *
You block the two-headed ogre's attack.
You completely miss the two-headed ogre.
The two-headed ogre is severely wounded.
The two-headed ogre hits you with a +0 giant spiked club!!
You die...

#. # #...
##.#. #...
#..#
######..#
#....#..#
#..>.O@.##
#.#..#...#
#. #<..#
.. #####
#. #


You could see a two-headed ogre.

Vanquished Creatures
  Sigmund (D:5)
  3 water moccasins
  An ice beast (D:5)
  2 sky beasts
  A black bear (D:5)
  2 centaurs (D:5)
  A phantom (D:5)
  3 bullfrogs
  2 scorpions
  2 wights (Ossuary)
  A burial acolyte (Ossuary)
  2 bombardier beetles
  4 orc priests
  2 jellies (D:5)
  2 hounds
  A sleepcap (D:5)
  An iguana (D:4)
  Natasha (thrice) (D:2)
  3 orc wizards
  A mummy (Ossuary)
  Robin (D:2)
  4 gnolls (D:5)
  13 adders
  7 river rats (Sewer)
  A shadow imp (D:7)
  A white imp (D:5)
  2 ufetubi (D:5)
  3 dart slugs
  2 ribbon worms (D:2)
  19 orcs
  7 endoplasms
  7 giant cockroaches
  4 hobgoblins
  3 quokkas
  14 ball pythons
  6 bats
  10 frilled lizards
  8 gnoll skeletons (Ossuary)
  12 goblins
  6 kobolds
  8 kobold skeletons (Ossuary)
  4 orc skeletons (Ossuary)
  18 rats
198 creatures vanquished.

Notes
Turn   | Place    | Note
-------+----------+-------------------------------------------
     0 | D:1      | nightchill the Hill Orc Fighter began the quest for the
                  | Orb.
     0 | D:1      | Reached XP level 1. HP: 19/19 MP: 1/1
    91 | D:1      | Reached skill level 3 in Axes
   212 | D:1      | Reached XP level 2. HP: 24/27 MP: 2/2
   948 | D:2      | Reached skill level 4 in Axes
   970 | D:2      | Reached XP level 3. HP: 28/33 MP: 3/3
  1138 | D:2      | Noticed Natasha
  1144 | D:2      | Killed Natasha
  1145 | D:2      | Reached XP level 4. HP: 15/41 MP: 4/4
  1315 | D:2      | Reached skill level 5 in Axes
  1464 | D:2      | Noticed Natasha
  1470 | D:2      | Killed Natasha
  1510 | D:2      | Noticed Robin
  1526 | D:2      | Killed Robin
  1527 | D:2      | Reached XP level 5. HP: 40/47 MP: 5/5
  1738 | D:2      | Noticed Natasha
  1744 | D:2      | Killed Natasha
  1745 | D:2      | Reached skill level 5 in Fighting
  1745 | D:2      | Reached skill level 6 in Axes
  2004 | D:2      | Found a faded altar of an unknown god.
  2142 | D:3      | Found a shimmering blue altar of Sif Muna.
  2478 | D:3      | Identified the amulet of the Curupira {RegenMP Str+6}
  2550 | D:3      | Reached XP level 6. HP: 51/56 MP: 6/6
  2640 | D:3      | Found a snail-covered altar of Cheibriados.
  3005 | D:4      | Found a stormy altar of Qazlal.
  3105 | D:4      | Found a staircase to the Ecumenical Temple.
  3162 | D:4      | Reached skill level 7 in Axes
  3180 | Temple   | Entered the Ecumenical Temple
  3191 | Temple   | Became a worshipper of Elyvilon the Healer
  3695 | D:5      | Entered Level 5 of the Dungeon
  3696 | D:5      | Noticed Sigmund
  3710 | D:5      | Found a sand-covered staircase.
  3715 | Ossuary  | Entered an ossuary
  3943 | Ossuary  | Reached skill level 8 in Axes
  3943 | Ossuary  | Reached XP level 7. HP: 35/63 MP: 7/7
  4097 | D:5      | Killed Sigmund
  4098 | D:5      | Reached skill level 9 in Axes
  4134 | D:5      | Reached * piety under Elyvilon
  4179 | D:5      | Found a glowing golden altar of the Shining One.
  4235 | D:5      | Reached XP level 8. HP: 73/73 MP: 8/8
  4287 | D:5      | Reached skill level 10 in Axes
  4368 | D:5      | Reached skill level 11 in Axes
  4940 | D:5      | Found a shadowy altar of Dithmenos.
  5066 | D:5      | Reached XP level 9. HP: 76/82 MP: 9/9
  5334 | D:6      | Reached skill level 12 in Axes
  5371 | D:6      | Found a glowing drain.
  5406 | Sewer    | Entered a sewer
  5924 | D:6      | Reached ** piety under Elyvilon
  6413 | D:6      | Found a radiant altar of Vehumet.
  6663 | D:7      | Reached skill level 13 in Axes
  7158 | D:7      | Found a glowing silver altar of Zin.
  7166 | D:7      | Fell from the grace of Elyvilon
  7166 | D:7      | Became a worshipper of Zin the Law-Giver
  7166 | D:7      | Reached * piety under Zin
  7166 | D:7      | Reached ** piety under Zin
  7234 | D:8      | Noticed a two-headed ogre
  7243 | D:8      | HP: 1/84 [two-headed ogre/+0 giant spiked club (30)]
  7244 | D:8      | Annihilated by a two-headed ogre

Illustrated notes

Levels and vault maps discovered:
D:1:      dpeg_arrival_radiant, layout_basic
D:2:      layout_basic, chequers_ecumenical_altar_twisty, uniq_robin,
          uniq_natasha
D:3:      layout_basic, cheibriados_altar_1, mainiacjoe_overflow_brackets,
          minmay_misc_feat_cross, minmay_circle_x
D:4:      layout_loops_cross, nicolae_overflow_crystal_walls,
          minmay_temple_entry_wispy, dreamdust_mushroom_princess
D:5:      cheibrodos_fzero, layout_loops_cross, lemuel_round_altar,
          mainiacjoe_overflow_alcove_2, enter_ossuary_5, uniq_sigmund
D:6:      layout_loops_ring, mainiacjoe_overflow_24_doors, gup_sewer_entry_glass
D:7:      layout_basic, lemuel_coloured_pillars_altar
D:8:      minmay_gate_of_8, layout_basic, mainiacjoe_overflow_boulevard,
          lemuel_mausoleum_altar_kikubaaqudgha, dreamdust_gnoll_shepherd
Temple:   eino_temple_lava

Skill      XL: |  1  2  3  4  5  6  7  8  9 |
---------------+----------------------------+-----
Axes           | 3 4 5 6 8 9 11 13 | 13.4
Fighting       | 4 5 6 7 8 9 |  9.5
Armour         | |  3.2
Shields        | |  3.2

Action                     |  1- 3 |  4- 6 |  7- 9 || total
---------------------------+-------+-------+-------++-------
  Melee: War axe           |    79 |   231 |   319 ||   629
 Invoke: Purification      |       |       |     1 ||     1
         Vitalisation      |       |       |     1 ||     1
    Use: Scroll            |       |     9 |     8 ||    17
         Potion            |       |       |     1 ||     1
 Armour: Scale mail        |    34 |   162 |   210 ||   406
  Dodge: Dodged            |    39 |   108 |   126 ||   273
  Block: Buckler           |    14 |    47 |    67 ||   128
